 Dungeon Crawl Stone Soup version 0.25-a0-10-g2fe12d4386 (webtiles) character file.

Game seed: 8415975500647825948, levelgen mode: deterministic

179 MrRokkomies the Grave Robber (level 5, 0/28 HPs)
             Began as a Vampire Necromancer on Oct 15, 2019.
             Slain by an orc priest
             ... wielding a +0 whip
              (2 damage)
             ... on level 3 of the Dungeon.
             The game lasted 00:05:34 (1899 turns).

MrRokkomies the Grave Robber (Vampire Necromancer)  Turns: 1899, Time: 00:05:35

Health: 0/28       AC:  5    Str: 11    XL:     5   Next: 33%
Magic:  10/10      EV: 11    Int: 18    God:
Gold:   166        SH:  0    Dex: 15    Spells: 2/11 levels left

rFire    . . .     SeeInvis +   b - +0 short sword
rCold    + + .     Gourm    .   (no shield)
rNeg     + + +     Faith    .   i - +0 ring mail (curse)
rPois    ∞         Spirit   .   (no helmet)
rElec    .         Reflect  .   (no cloak)
rCorr    .         Harm     .   (no gloves)
MR       .....                  (no boots)
Stlth    ++++......             (no amulet)
HPRegen  0.00/turn              e - +4 ring of strength
MPRegen  0.12/turn              (no ring)

@: about to teleport, bloodless, regenerating quickly, slowed, very slow
A: no food, fangs 3, see invisible, unbreathing
a: Bat Form, Revivify


You were on level 3 of the Dungeon.
You were bloodless.

You visited 1 branch of the dungeon, and saw 3 of its levels.

You collected 166 gold pieces.

Inventory:

Hand Weapons
 b - a +0 short sword (weapon)
Armour
 a - a +0 robe
 f - a cursed -1 ring mail
 i - a cursed +0 ring mail (worn)
Jewellery
 e - a +4 ring of strength (left hand)
Scrolls
 g - a scroll of fog
Potions
 c - a potion of brilliance {unknown}
 d - a potion of haste
 h - 2 potions of lignification {unknown}
 j - a potion of curing {unknown}
 n - a potion of magic {unknown}


   Skills:
 - Level 2.1 Dodging
 + Level 4.7 Stealth
 * Level 3.6 Spellcasting
 * Level 5.7 Necromancy


You had 2 spell levels left.
You knew the following spells:

 Your Spells              Type           Power        Failure   Level  Hunger
a - Pain                  Necr           ###.         3%          1    N/A
b - Animate Skeleton      Necr           N/A          3%          1    N/A
c - Animate Dead          Necr           N/A          34%         4    N/A
d - Regeneration          Chrm/Necr      ##........   34%         3    N/A

Your spell library contained the following spells:

 Spells                   Type           Power        Failure   Level  Hunger
 Vampiric Draining        Necr           ###.......   11%         3    N/A

Dungeon Overview and Level Annotations

Branches:
Dungeon (3/15)

Altars:


Innate Abilities, Weirdness & Mutations

You do not eat.
You do not regenerate when monsters are visible.
You are frail without blood (-20% HP).
You can heal yourself when you bite living creatures.
You are immune to poison.
You have razor-sharp teeth.
You have supernaturally acute eyesight. (SInv)
You can survive without breathing.


Message History

Beogh smites you!
* * * LOW HITPOINT WARNING * * *
The orc throws a boomerang.
The boomerang hits you but does no damage.
The weapon returns to the orc!
The orc wizard gestures wildly while chanting.
The orc wizard blinks!
The orc priest looks satisfied for a moment.
As you read the scroll of fog, it crumbles to dust.
The scroll dissolves into smoke.
The orc priest looks encouraged for a moment.
The orc wizard hits you with a cursed +0 dagger.
* * * LOW HITPOINT WARNING * * *
As you read the scroll of teleportation, it crumbles to dust.
You feel strangely unstable.
The orc wizard hits you but does no damage.
The orc throws a boomerang.
The boomerang hits you but does no damage.
The weapon returns to the orc!
The orc priest hits you with a +0 whip.
You die...

..o....§... .....
..........##+#.....
......oo...........
.....§............
....§o§§§.....##+#
####§o§§§§.......
#..§§o§§§§§.###.#
#%..§§§.§...###+##.
#....§§o@§#.........
.......§§§§#.........
......†....#.........
...........#.........
.....................
........##...........
....... #...........
##.... #...........
#.... #<#..#...##.


You could see 2 orc priests and an orc.

Vanquished Creatures
  Jessica (D:2)
  Terence (D:2)
  Natasha (thrice) (D:2)
  A hound skeleton (D:3)
  A worm (D:2)
  A dart slug (D:2)
  A leopard gecko (D:3)
  A giant cockroach (D:1)
  4 goblins
  4 hobgoblins
  5 jackals
  4 kobolds
  A quokka (D:3)
  8 bats
  3 frilled lizards
39 creatures vanquished.

Vanquished Creatures (collateral kills)
  A jackal (D:2)
1 creature vanquished.

Grand Total: 40 creatures vanquished

Notes
Turn   | Place    | Note
-------+----------+-------------------------------------------
     0 | D:1      | MrRokkomies the Vampire Necromancer began the quest for the
                  | Orb.
     0 | D:1      | Reached XP level 1. HP: 13/13 MP: 3/3
   303 | D:1      | Reached XP level 2. HP: 15/15 MP: 1/5
   349 | D:1      | Learned a level 1 spell: Animate Skeleton
   622 | D:2      | Noticed Jessica
   628 | D:2      | Noticed Terence
   631 | D:2      | Killed Jessica
   631 | D:2      | Reached XP level 3. HP: 14/19 MP: 0/7
   646 | D:1      | Reached skill level 5 in Necromancy
   812 | D:2      | Noticed Natasha
   830 | D:2      | Killed Natasha
   830 | D:2      | Reached XP level 4. HP: 4/24 MP: 3/8
   831 | D:2      | HP: 1/24 [jackal (1)]
  1030 | D:2      | Killed Terence
  1264 | D:2      | Noticed Natasha
  1279 | D:2      | Killed Natasha
  1363 | D:2      | Reached XP level 5. HP: 12/28 MP: 10/10
  1374 | D:2      | Learned a level 4 spell: Animate Dead
  1380 | D:2      | Learned a level 3 spell: Regeneration
  1466 | D:2      | Noticed Natasha
  1474 | D:2      | Killed Natasha
  1899 | D:3      | Slain by an orc priest

Levels and vault maps discovered:
D:1:      tarquinn_simple_flora_water_b, layout_basic, serial_park_tiny_1
D:2:      layout_rooms, minmay_domino_2, uniq_natasha, uniq_terence,
          uniq_jessica
D:3:      layout_basic

Skill      XL: |  1  2  3 |
---------------+----------+-----
Necromancy     | 5 |  5.7
Stealth        | 4 |  4.7
Spellcasting   | 3 |  3.6
Dodging        | |  2.1

Action                   |  1- 3 |  4- 6 || total
-------------------------+-------+-------++-------
Melee: Unarmed           |     4 |       ||     4
       Short sword       |    23 |    31 ||    54
       Bite              |     2 |     4 ||     6
 Cast: Pain              |    25 |    28 ||    53
       Animate Skeleton  |     3 |     4 ||     7
 Abil: Exsanguinate      |     1 |       ||     1
  Use: Scroll            |     5 |     4 ||     9
 Stab: Sleeping          |     2 |     1 ||     3
       Distracted        |       |     1 ||     1
Armor: Robe              |     1 |       ||     1
       Ring mail         |    17 |    16 ||    33
Dodge: Dodged            |    32 |    39 ||    71

Table legend:
 A = Non-vault XP
 B = Vault XP
 C = Vault XP percentage of total XP
 D = Non-vault monster count
 E = Vault monster count
 F = Vault count percentage of total count
                 A         B        C        D         E       F
            +---------+---------+-------+---------+---------+-------
      Total |     155 |     102 |  39.7 |      37 |       3 |   7.5
            +---------+---------+-------+---------+---------+-------
        D:1 |      25 |       0 |   0.0 |      14 |       0 |   0.0
        D:2 |     104 |     102 |  49.5 |      19 |       3 |  13.6
        D:3 |      26 |       0 |   0.0 |       4 |       0 |   0.0
            +---------+---------+-------+---------+---------+-------
